Unix NetHack Version 5.0.0-0 post-release - last build Jun 10 2026 00:39:30 (3ee93aec679c4c4259841fe613dc97188e26a321,branch:main).

Game began 2026-06-14 16:05:05, ended 2026-06-14 18:15:22.

GdeVolpiano, lawful female human Archeologist

                                                      ---------        -----
                                                      |.. ....        .....|
                                                      |........      |..>..|
                                                      ..........#####-.^...|
                                                      ------.-- #    --- -.-
                                                            #  ##       ###
                                                           ##r@##     ###
                                                          *%   #      #
                                                        ##%# ##### ####
                                                       ###     #-.-.--------
                                                       #       #|..........|
                                                               #.....^.....|
                                                                |.......<..|
                                                                ------------

GdeVolpiano the Investigator  St:16 Dx:13 Co:17 In:16 Wi:14 Ch:9  Lawful
Dlvl:10 $:159 HP:0(67) Pw:47(47) AC:-1 Xp:9 T:11357 

Latest messages:
 You kill the giant rat!
 The straw golem hits!
 The straw golem hits again!
 The rabid rat misses!
 You hit the straw golem!
 The straw golem misses!
 The straw golem misses!
 The rabid rat bites!
 The straw golem hits!
 The straw golem hits again!
 You destroy the straw golem!
 The rabid rat bites!
 The rabid rat misses!
 Where do you want to travel to?
 (For instructions type a '?')
 You hit the ape!
 The ape hits!
 The ape hits again!
 The ape misses!
 The rabid rat misses!
 You hit the ape!
 The ape hits!
 The ape hits again!
 The ape bites!
 The rabid rat misses!
 You kill the ape!
 The rabid rat misses!
 You hit the paper golem!
 The paper golem hits!
 The rabid rat misses!
 You destroy the paper golem!
 The rabid rat bites!
 You see here an ape corpse.
 The dwarf mummy misses!
 You hit the dwarf mummy!
 The dwarf mummy hits!
 The rabid rat misses!
 You destroy the dwarf mummy!
 The rabid rat bites!
 You see here a mummy wrapping.
 The quivering blob touches you!
 You hit the quivering blob!
 The rabid rat bites!
 You hit the quivering blob!
 The rabid rat misses!
 You kill the quivering blob!
 The rabid rat bites!
 You die...
 Do you want your possessions identified? [ynq] (y)
 Do you want to see your attributes? [ynq] (y)

Inventory:
 Coins    ('$')
  $ - 159 gold pieces
 Weapons  (')')
  U - a blessed +2 scimitar (weapon in right hand)
  O - a +2 scimitar (alternate weapon; not wielded)
 Armor    ('[')
  I - an uncursed rusty +1 dwarvish iron helm (being worn)
  l - an uncursed rotted +0 pair of gauntlets of dexterity
  m - an uncursed +0 pair of leather gloves (being worn)
  R - an uncursed +0 pair of jumping boots (being worn)
  N - an uncursed +0 dwarvish roundshield (being worn)
  q - an uncursed rotted +0 dwarvish cloak (being worn)
  Y - an uncursed +0 Hawaiian shirt with a water nymph motif (being worn)
  w - an uncursed +0 elven mithril-coat (being worn)
 Comestibles  ('%')
  o - an uncursed lichen corpse
 Potions  ('!')
  n - a blessed potion of object detection
 Wands    ('/')
  Z - a wand of digging (0:2)
  D - a wand of speed monster (0:3)
  y - a wand of striking (0:0)
 Tools    ('(')
  h - an uncursed sack containing 4 items
  S - an uncursed mirror
  j - a +0 pick-axe
  k - an uncursed skeleton key
  Q - an uncursed stethoscope
  a - an uncursed towel
 Gems/Stones  ('*')
  s - an uncursed luckstone
  g - an uncursed touchstone

Contents of the sack:
  1302 gold pieces
  an uncursed emerald
  an uncursed jacinth stone
  an uncursed jasper stone

GdeVolpiano the Archeologist's attributes:

Background:
 You were an Investigator, a level 9 female human Archeologist.
 You were lawful, on a mission for Quetzalcoatl
 who was opposed by Camaxtli (neutral) and Huhetotl (chaotic).
 You were right-handed.
 You were in the Dungeons of Doom, on level 10.
 You entered the dungeon 11357 turns ago.
 There was a new moon in effect when your adventure ended.
 You had 3254 experience points, 1866 more were needed to attain level 10.

Basics:
 You had 0 out of 67 hit points.
 You had all 47 energy points (spell power).
 Your armor class was -1.
 Your wallet contained 159 zorkmids, and
 you had 1302 more stashed away in your pack.
 Autopickup was on for '$?!/="+' plus thrown, with exceptions.

Final Characteristics:
 Your strength was 16 (limit:18/100).
 Your dexterity was 13 (limit:18).
 Your constitution was 17 (limit:18).
 Your intelligence was 16 (limit:18).
 Your wisdom was 14 (limit:18).
 Your charisma was 9 (limit:18).

Final Status:
 You weren't hungry.
 You were unencumbered.
 You were wielding a saber.
 You had expert skill with saber.

Final Attributes:
 You were piously aligned.
 Your items were somewhat protected from fire.
 Your items were somewhat protected from cold.
 You were shock resistant.
 You were telepathic.
 You had automatic searching.
 You were stealthy.
 You could jump.
 You were guarded.
 Your spell casting was impaired by metallic armor.
 You were lucky.
 You had extra luck.
 Bad luck did not time out for you.
 Good luck did not time out for you.
 You are dead.

Miscellaneous:
 You didn't encounter any bones levels.
 Total elapsed playing time was 1 hour, 23 minutes and 7 seconds.

Major events:
 Turn
    1: GdeVolpiano the lawful female human Archeologist entered the dungeon
  981: attained the rank of Field Worker (level 3)
 1794: entered the Gnomish Mines
 3663: attained the rank of Investigator (level 6)
 5165: reached Mine Town
11357: killed by a rabid rat

Spells:
 Name                 Level Category     Fail Retention
 light                  1   divination   100%   26%-50%
 clairvoyance           3   divination   100%   26%-50%
 jumping                1   escape       100%   26%-50%
 sleep                  3   enchantment  100%  76%-100%
 cure sickness          3   healing      100%  76%-100%
 healing                1   healing      100%  76%-100%

Skills:
 Fighting Skills
   bare handed combat [Unskilled]
   two weapon combat  [Basic]
   riding             [Unskilled]
 Weapon Skills
   dagger             [Unskilled]
   knife              [Unskilled]
   pick-axe           [Basic]
   short sword        [Unskilled]
   saber              [Expert]
   club               [Unskilled]
   quarterstaff       [Unskilled]
   sling              [Unskilled]
   dart               [Unskilled]
   boomerang          [Unskilled]
   whip               [Basic]
   unicorn horn       [Unskilled]
 Spellcasting Skills
   attack spells      [Unskilled]
   healing spells     [Unskilled]
   divination spells  [Unskilled]
   matter spells      [Unskilled]

Voluntary challenges:
 Character rerolling was not enabled.
 You never genocided any monsters.
 You never polymorphed an object.
 You never changed form.
 You used no wishes.
Achievements:
 You attained the rank of Field Worker.
 You entered a shop.
 You entered the Gnomish Mines.
 You attained the rank of Investigator.
 You entered Minetown.
 You entered a temple.

 The Dungeons of Doom: levels 1 to 11
    Level 1:
       A fountain, a sink.
    Level 2:
       A general store.
    Level 3:
       A general store.
    Level 4:
       A general store, a grave.
       Stairs down to The Gnomish Mines.
    Level 5:
       A general store.
    Level 6:
       An altar to Quetzalcoatl.
    Level 7:
       Some fountains, a sink.
    Level 8:
    Level 9:
       Many fountains.
    Level 10: <- You were here.
       Final resting place for
          you, killed by a rabid rat.
    Level 11:
 The Gnomish Mines: levels 5 to 9
    Level 5:
    Level 6:
    Level 7:
    Level 8:
       Many shops, a temple and an altar, many fountains.
    Level 9:


Vanquished creatures:
  a large mimic
  5 small mimics
  a gelatinous cube
  2 large cats
 an ettin zombie
  a soldier
  a chameleon
  3 giant beetles
  a quivering blob
  a cockatrice
  3 wolves
  a leprechaun
  a giant spider
  a forest centaur
  a gnome ruler
  a dwarf mummy
  3 brown puddings
  a dingo
  2 dogs
  a housecat
  2 ravens
  a plains centaur
  2 apes
  a rope golem
  a Woodland-elf
  a bugbear
  2 imps
  3 quasits
  a wood nymph
  2 mountain nymphs
  4 Mordor orcs
 an orc shaman
  5 rock piercers
  a rock mole
  a pony
  2 yellow lights
  a violet fungus
  9 gnome leaders
  5 gnomish wizards
  a kobold mummy
  2 gray oozes
  3 elf zombies
  a straw golem
  a paper golem
  a baby crocodile
  3 giant ants
  a floating eye
  a kitten
  7 dwarves
  3 homunculi
  a kobold shaman
 12 hill orcs
  7 rothes
  a rabid rat
  2 centipedes
 an orc zombie
  7 dwarf zombies
  2 werejackals
  3 iguanas
  3 killer bees
 an acid blob
  2 gas spores
  a hobbit
  2 large kobolds
  a hobgoblin
  a giant rat
 10 cave spiders
  a brown mold
  a yellow mold
  a green mold
 32 gnomes
  3 gnome zombies
  4 geckos
 15 jackals
  3 foxes
  2 kobolds
  4 goblins
  a sewer rat
  7 grid bugs
  a bat
 12 lichens
  a kobold zombie
 12 newts
258 creatures vanquished.

No species were genocided or became extinct.

Game over:
                       ----------
                      /          \
                     /    REST    \
                    /      IN      \
                   /     PEACE      \
                  /                  \
                  |   GdeVolpiano    |
                  |     1461 Au      |
                  |   killed by a    |
                  |    rabid rat     |
                  |                  |
                  |                  |
                  |       2026       |
                 *|     *  *  *      | *
        _________)/\\_//(\/(/\)/\//\/|_)_______

Goodbye GdeVolpiano the Archeologist...

You died in The Dungeons of Doom on dungeon level 10 with 14861 points,
and 1461 pieces of gold, after 11357 moves.
You were level 9 with a maximum of 67 hit points when you died.

